 Dungeon Crawl Stone Soup version 0.24.0-37-gcf1ca852f1 (webtiles) character file.

Game seed: 16957137520185467322, levelgen mode: deterministic

29870 Iamsoldier the Blocker (level 13, -2/76 HPs)
             Began as a Gargoyle Fighter on Dec 4, 2019.
             Was a High Priest of Ru.
             Blown up by an eye of devastation (16 damage)
             ... with a bolt of energy
             ... on level 5 of the Lair of Beasts.
             The game lasted 00:31:01 (13574 turns).

Iamsoldier the Blocker (Gargoyle Fighter)          Turns: 13574, Time: 00:31:01

Health: -2/76      AC: 36    Str: 23    XL:     13   Next: 48%
Magic:  0/16       EV:  6    Int: 11    God:    Ru [*****.]
Gold:   755        SH: 16    Dex:  9    Spells: 12/12 levels left

rFire    . . .     SeeInvis .   G - +3 flail (crush)
rCold    + . .     Gourm    .   c - +0 shield
rNeg     + . .     Faith    .   i - +0 plate armour
rPois    ∞         Spirit   +   (no helmet)
rElec    +         Reflect  .   (no cloak)
rCorr    .         Harm     .   C - +0 pair of gloves
MR       .....                  v - +2 pair of boots
Stlth    ..........             d - amulet of guardian spirit
HPRegen  0.22/turn              J - ring of protection from cold
MPRegen  0.15/turn              E - +3 ring of protection

@: about to teleport, drained
A: talons 1, icy blue scales 1, iridescent scales 1, large bone plates 1, frail
1, low mp 2, negative energy resistance 1, sense surroundings 1, electricity
resistance, unbreathing, petrification resistance, rot immunity, subdued magic
1, hated by all, inability to train dodging, AC +9
a: Draw Out Power, Power Leap, Apocalypse, Renounce Religion


You were on level 5 of the Lair of Beasts.
You worshipped Ru.
Ru was extremely pleased with you.
You were hungry.

You visited 2 branches of the dungeon, and saw 14 of its levels.
You also visited: Bailey.

You collected 755 gold pieces.

Inventory:

Hand Weapons
 G - a +3 flail of crushing (weapon)
Armour
 c - a +0 shield (worn)
 i - a +0 plate armour (worn)
 v - a +2 pair of boots (worn)
 C - a +0 pair of gloves (worn)
Jewellery
 d - an amulet of guardian spirit (around neck)
 g - an uncursed ring of ice
 u - an uncursed ring of magical power
 E - a +3 ring of protection (right hand)
 J - a ring of protection from cold (left hand)
Wands
 q - a wand of flame (33)
 t - a wand of iceblast (7)
 D - a wand of digging (5)
Scrolls
 a - a scroll of amnesia
 b - a scroll of fear
 e - 9 scrolls of teleportation
 r - 4 scrolls of identify
 s - 3 scrolls of remove curse
 x - a scroll of immolation
 y - 3 scrolls of magic mapping
 z - a scroll of enchant armour
 I - 3 scrolls of enchant weapon
 K - 2 scrolls of fog
Potions
 h - a potion of haste
 j - 6 potions of magic
 k - 2 potions of degeneration
 l - a potion of berserk rage
 n - a potion of agility {unknown}
 o - 3 potions of lignification
 p - 6 potions of curing
 w - a potion of brilliance
 B - 2 potions of might
 F - a potion of ambrosia
Comestibles
 f - 41 rations


   Skills:
 + Level 11.7(10.6) Fighting
 + Level 10.6(9.5) Maces & Flails
 + Level 11.7(10.6) Armour
 + Level 11.7(10.6) Shields
   Level 9.7(8.6) Invocations


You had 12 spell levels left.
You didn't know any spells.
Your spell library contained the following spells:

 Spells                   Type           Power        Failure   Level  Hunger
 Apportation              Tloc           #.....       100%        1    ##.....
 Flame Tongue             Conj/Fire      #....        100%        1    ##.....
 Throw Flame              Conj/Fire      #.....       100%        2    ###....
 Conjure Flame            Conj/Fire      #.......     100%        3    ####...
 Inner Flame              Hex/Fire       #.......     100%        3    ####...
 Lesser Beckoning         Tloc           #.........   100%        3    ####...
 Tukima's Dance           Hex            #.......     100%        3    ####...
 Sticky Flame             Conj/Fire      #.......     100%        4    #####..
 Alistair's Intoxication  Tmut/Pois      #.......     100%        5    ######.
 Fireball                 Conj/Fire      #.........   100%        5    ######.
 Invisibility             Hex            #.......     100%        6    #######
 Summon Butterflies       Summ           Unusable     N/A         1    N/A

Dungeon Overview and Level Annotations

Branches:
Dungeon (11/15)            Temple (0/1) D:7            Lair (3/6) D:11
  Swamp (0/4) Lair:2        Snake (0/4) Lair:2        Slime (0/5) Lair:5
    Orc (0/2) D:11         Bailey (visited)

Altars:
Ashenzari
Cheibriados
Dithmenos
Fedhas
Makhleb
Okawaru
Ru
Vehumet
Zin
The Shining One

Annotations:
D:3 2 transporters, frabbit's ghost, amateur OpIE


Innate Abilities, Weirdness & Mutations

You are resistant to torment.
Your stone body is resilient. (AC +9)
You are immune to poison.
You are frail. (-10% HP)
Your magical capacity is very low. (-20% MP)
You resist negative energy. (rN+)
You are resistant to electric shocks. (rElec)
You can survive without breathing.
You are immune to petrification.
You are immune to rotting.
You are hated by all.
You cannot train Dodging skill.
You have sharp toenails.
You are partially covered in icy blue scales. (AC +2)
You are partially covered in iridescent scales. (AC +2)
You are partially covered in large bone plates. (SH +4)
You passively map a small area around you.
Your spells are a little easier to cast, but a little less powerful.


Message History

You are splashed with acid!
The eye of devastation gazes at you. The bolt of energy hits you!
* * * LOW HITPOINT WARNING * * *
The wall burns the crocodile!
The crocodile barely misses you.
As you read the scroll of teleportation, it crumbles to dust.
You feel strangely unstable.
You are splashed with acid!!
* * * LOW HITPOINT WARNING * * *
The wall burns the crocodile!
You block the crocodile's attack.
Okay, then.
Okay, then.
Press: ? - help, v - describe, . - travel
Here: an eye of devastation The floor.
Okay, then.
You feel much better.
You are splashed with acid!
* * * LOW HITPOINT WARNING * * *
The eye of devastation gazes at you. The bolt of energy hits you!
You die...

* ,, * , , ,
..... , ,, * #..
* .#..# , ###..*
,.#..# * ,
.....### ....## ,
,
......#.#.....#.
, ,
................,
,
#......#.G>G..#.
, ≈ , ≈
........@.......
≈≈ ≈
........#t..#(..
≈≈ ≈....###.....#
≈ ≈#... #...## *
, , #. , * .....#
, * , ,, ,,......
, , ≈ , , .......
, , , ,....... ,
* ≈ , , .... ,


You could see an eye of devastation, an eye of draining and a crocodile.

Vanquished Creatures
  5 hydras
  Fannar (D:11)
  Harold (D:8)
  A two-headed ogre (D:11)
  Nergalle (Lair:2)
  3 skeletal warriors (D:9)
  An ugly thing (D:11)
  A cyclops (D:11)
  An oklob plant (Lair:2)
  2 black mambas (Lair:1)
  Joseph (Lair:1)
  A gargoyle (D:11)
  4 spiny frogs (Lair:1)
  5 komodo dragons
  A queen bee (Lair:2)
  A troll (D:11)
  Grinder (D:3)
  4 blink frogs (Lair:1)
  A bog body (Lair:2)
  4 hippogriffs
  2 spriggans
  Sigmund (D:5)
  11 yaks
  5 water moccasins
  2 porcupines (Lair:2)
  2 orc warriors
  An ice beast (D:8)
  4 phantoms
  4 sky beasts
  10 ogres
  A necrophage (D:5)
  4 wolves (Lair:1)
  6 centaurs
  7 bullfrogs
  A gnoll sergeant (D:9)
  3 scorpions
  24 killer bees
  3 howler monkeys
  3 wights (D:6)
  4 crimson imps
  A centaur zombie (D:8)
  A quasit (D:6)
  2 bullfrog zombies
  4 orc priests
  8 hounds
  2 jellies
  7 orc wizards
  3 iguanas
  8 worker ants
  A killer bee zombie (D:5)
  A mummy (D:4)
  3 worker ant zombies
  A howler monkey zombie (D:8)
  24 gnolls
  2 howler monkey skeletons
  14 adders
  2 river rats (D:4)
  2 shadow imps
  An ooze (D:3)
  2 adder skeletons
  2 adder zombies
  2 worms
  2 dart slugs
  9 leopard geckos
  25 orcs
  4 giant cockroaches
  8 goblins
  17 hobgoblins
  18 jackals
  3 quokkas
  3 ball pythons
  7 bats
  6 frilled lizards
  2 hobgoblin zombies (D:4)
  20 kobolds
  2 kobold zombies (D:4)
  A leopard gecko skeleton (D:5)
  A leopard gecko zombie (D:5)
  A quokka skeleton (D:5)
  8 rats
  2 fungi (Lair:2)
  16 plants
386 creatures vanquished.

Vanquished Creatures (others)
  A hydra (Lair:3)
  2 hippogriffs
  A yak (D:11)
  Grum (Lair:1)
  An ice beast (D:11)
  A killer bee (Lair:2)
  An iguana (D:8)
  3 gnolls
  An orc (D:8)
  A bush (D:9)
  17 plants
30 creatures vanquished.

Grand Total: 416 creatures vanquished

Notes
Turn   | Place    | Note
-------+----------+-------------------------------------------
     0 | D:1      | Iamsoldier the Gargoyle Fighter began the quest for the
                  | Orb.
     0 | D:1      | Reached XP level 1. HP: 14/14 MP: 1/1
   143 | D:1      | Reached XP level 2. HP: 16/19 MP: 2/2
   920 | D:2      | Found a shadowy altar of Dithmenos.
   924 | D:2      | Found a radiant altar of Vehumet.
   949 | D:2      | Reached XP level 3. HP: 18/24 MP: 3/3
  1351 | D:2      | Found a sacrificial altar of Ru.
  1355 | D:2      | Became a worshipper of Ru the Awakened
  1507 | D:2      | Reached XP level 4. HP: 23/29 MP: 4/4
  1787 | D:2      | Found an iron altar of Okawaru.
  1798 | D:2      | Found a glowing golden altar of the Shining One.
  2085 | D:3      | Found a transporter.
  2085 | D:3      | Found a transporter.
  2085 | D:3      | Noticed frabbit's ghost (amateur OpIE)
  2106 | D:3      | Reached XP level 5. HP: 27/33 MP: 5/5
  2282 | D:3      | Noticed Grinder
  2286 | D:3      | Paralysed by Grinder for 5 turns
  2297 | D:3      | Paralysed by Grinder for 6 turns
  2320 | D:3      | Killed Grinder
  2320 | D:3      | Reached XP level 6. HP: 6/40 MP: 6/6
  2713 | D:3      | Found a shattered altar of Ashenzari.
  2852 | D:3      | Reached skill level 5 in Armour
  2864 | D:3      | Reached skill level 5 in Shields
  3067 | D:3      | Gained mutation: Your magical capacity is low. (-10% MP)
                  | [Ru sacrifice]
  3397 | D:4      | Reached skill level 5 in Fighting
  3402 | D:4      | Reached XP level 7. HP: 12/44 MP: 6/6
  4259 | D:4      | Reached XP level 8. HP: 48/51 MP: 7/7
  4454 | D:4      | Found a burning altar of Makhleb.
  4458 | D:4      | Noticed an Executioner
  4461 | D:4      | Found a glowing silver altar of Zin.
  4462 | D:4      | Noticed an angel
  4610 | D:4      | Gained mutation: You have a pair of small horns on your
                  | head. [potion of mutation]
  4610 | D:4      | Gained mutation: You have a pair of horns on your head.
                  | [potion of mutation]
  4719 | D:4      | Lost mutation: You have a pair of horns on your head.
                  | [potion of mutation]
  4719 | D:4      | Lost mutation: You have a pair of small horns on your head.
                  | [potion of mutation]
  4719 | D:4      | Gained mutation: Potions are less effective at restoring
                  | your health. [potion of mutation]
  4719 | D:4      | Gained mutation: You expend magic power (3 MP) to
                  | strengthen your wands. [potion of mutation]
  4719 | D:4      | Gained mutation: Your mind is acute. (Int +2) [potion of
                  | mutation]
  4720 | D:4      | Lost mutation: Your mind is acute. (Int +2) [potion of
                  | mutation]
  4720 | D:4      | Lost mutation: You expend magic power (3 MP) to strengthen
                  | your wands. [potion of mutation]
  4720 | D:4      | Gained mutation: Armour fits poorly on your strangely
                  | shaped body. [potion of mutation]
  4720 | D:4      | Gained mutation: You are partially covered in large bone
                  | plates. (SH +4) [potion of mutation]
  4720 | D:4      | Gained mutation: You passively map a small area around you.
                  | [potion of mutation]
  5102 | D:5      | Entered Level 5 of the Dungeon
  5224 | D:5      | Reached skill level 5 in Maces & Flails
  5679 | D:5      | Noticed Sigmund
  5704 | D:5      | Killed Sigmund
  5729 | D:5      | Gained mutation: You are hated by all. [Ru sacrifice]
  5729 | D:5      | Reached * piety under Ru
  5729 | D:5      | Reached ** piety under Ru
  5964 | D:5      | Reached XP level 9. HP: 43/56 MP: 8/8
  6887 | D:7      | Found a snail-covered altar of Cheibriados.
  7239 | D:7      | Found a flagged portal.
  7359 | Bailey   | Entered a bailey
  7384 | Bailey   | Lost mutation: Armour fits poorly on your strangely shaped
                  | body. [potion of mutation]
  7384 | Bailey   | Lost mutation: Potions are less effective at restoring your
                  | health. [potion of mutation]
  7384 | Bailey   | Gained mutation: You are partially covered in iridescent
                  | scales. (AC +2) [potion of mutation]
  7384 | Bailey   | Gained mutation: Your spells are a little easier to cast,
                  | but a little less powerful. [potion of mutation]
  7384 | Bailey   | Gained mutation: You have sharp toenails. [potion of
                  | mutation]
  7384 | Bailey   | Gained mutation: You are partially covered in icy blue
                  | scales. (AC +2) [potion of mutation]
  7948 | D:7      | Found a staircase to the Ecumenical Temple.
  8303 | D:8      | Reached XP level 10. HP: 61/64 MP: 9/9
  8320 | D:8      | Gained mutation: You are frail. (-10% HP) [Ru sacrifice]
  8320 | D:8      | Reached *** piety under Ru
  8320 | D:8      | Reached **** piety under Ru
  8374 | D:8      | Noticed Harold
  8423 | D:8      | Killed Harold
  8855 | D:8      | Found a sacrificial altar of Ru.
  9576 | D:9      | Noticed a skeletal warrior
  9580 | D:9      | Noticed a skeletal warrior
  9581 | D:9      | Noticed a skeletal warrior
  9628 | D:9      | Killed a skeletal warrior
  9628 | D:9      | Reached XP level 11. HP: 11/63 MP: 2/9
  9648 | D:9      | Killed a skeletal warrior
  9668 | D:9      | Killed a skeletal warrior
 10086 | D:9      | Found a blossoming altar of Fedhas.
 10131 | D:9      | Reached XP level 12. HP: 65/69 MP: 17/17
 10154 | D:9      | Gained mutation: You cannot train Dodging skill. [Ru
                  | sacrifice]
 10154 | D:9      | Reached ***** piety under Ru
 10210 | D:9      | You fall into a shaft and drop 2 floors!
 10221 | D:11     | Reached skill level 10 in Armour
 10221 | D:11     | Reached skill level 10 in Shields
 10228 | D:11     | Reached skill level 10 in Fighting
 10305 | D:11     | Noticed a five-headed hydra
 10312 | D:11     | Killed a five-headed hydra
 10328 | D:11     | Noticed Fannar
 10332 | D:11     | Found a staircase to the Orcish Mines.
 10376 | D:11     | Noticed a two-headed ogre
 10378 | D:11     | Killed Fannar
 10388 | D:11     | Killed a two-headed ogre
 10945 | D:11     | Found a staircase to the Lair.
 10972 | Lair:1   | Entered Level 1 of the Lair of Beasts
 11091 | Lair:1   | Noticed Grum
 11101 | Lair:1   | Killed Grum
 11106 | Lair:1   | Noticed a five-headed hydra
 11115 | Lair:1   | Killed a five-headed hydra
 11152 | Lair:1   | Noticed a four-headed hydra
 11163 | Lair:1   | Killed a four-headed hydra
 11304 | Lair:1   | Noticed a five-headed hydra
 11314 | Lair:1   | Killed a five-headed hydra
 11320 | Lair:1   | Reached XP level 13. HP: 55/75 MP: 18/18
 11449 | Lair:1   | Noticed Joseph
 11461 | Lair:1   | Killed Joseph
 11461 | Lair:1   | Reached skill level 10 in Maces & Flails
 12268 | Lair:2   | Noticed Nergalle
 12289 | Lair:2   | Killed Nergalle
 12330 | Lair:2   | Found a staircase to the Swamp.
 12739 | Lair:2   | Gained mutation: Your magical capacity is very low. (-20%
                  | MP) [Ru sacrifice]
 13056 | Lair:2   | Found a staircase to the Snake Pit.
 13569 | Lair:3   | You fall into a shaft and drop 2 floors!
 13569 | Lair:5   | Found a staircase to the Slime Pits.
 13573 | Lair:5   | HP: 2/76 [acid (14)]
 13574 | Lair:5   | Blown up by an eye of devastation

Levels and vault maps discovered:
D:1:      minmay_arrival_split_and_join, layout_loops_ring
D:2:      layout_basic, marbit_many_paths, nicolae_overflow_hidden_temple,
          amethyst_overflow_temple_binary
D:3:      layout_basic, evilmike_ruin_ashenzari, gammafunk_ghost_mausoleum,
          uniq_grinder
D:4:      layout_gridville, grunt_temple_overflow_order_and_chaos_2,
          portal_sewer_entry_c, minmay_mini_ossuary
D:5:      layout_basic, first_ration, minmay_bent, uniq_sigmund
D:6:      lemuel_ice_spiral_2, layout_basic
D:7:      layout_rooms, kennysheep_mini, minmay_temple_entry_grid,
          enter_bailey_8, the_bakery
D:8:      layout_rooms, amethyst_killhole, nicolae_ru_sacrificial_ziggurat,
          uniq_harold
D:9:      layout_loops_cross, fedhas_bush_and_centaur_altar,
          kennysheep_pointless_box
D:11:     layout_rooms, david_lair_shrubbed, orc_0_dummy, uniq_fannar
Lair:1:   layout_big_grid, fungi_pond_lemuel, st_stairs_12, wad_woods_03,
          infiniplex_staircase_pool_2, uniq_grum, uniq_joseph
Lair:2:   layout_long_grid, skrybe_swamp_entry_bodies, dummy_snake_entry,
          special_room [special_room_bee], minmay_lair_oklob_items,
          uniq_nergalle
Lair:3:   layout_long_grid
Lair:5:   layout_gridlike, minmay_slime_entry_eyes, serial_rivers,
          chequers_serial_rivers_room_a, chequers_serial_rivers_large_a,
          chequers_serial_rivers_small_3, chequers_serial_rivers_micro_a,
          chequers_serial_rivers_micro_e, serial_bayou_shore_b, uniq_nessos

Skill      XL: |  1  2  3  4  5  6  7  8  9 10 11 12 13 |
---------------+----------------------------------------+-----
Armour         | 4 5 6 8 9 11 | 11.7
Shields        | 4 5 6 8 9 11 | 11.7
Fighting       | 4 5 6 8 9 11 | 11.7
Maces & Flails | 3 4 5 7 8 9 10 | 10.6
Invocations    | 9 |  9.7

Action                   |  1- 3 |  4- 6 |  7- 9 | 10-12 | 13-15 || total
-------------------------+-------+-------+-------+-------+-------++-------
Melee: Flail             |   174 |   190 |   385 |   298 |   369 ||  1416
       Whip              |       |       |   475 |   551 |       ||  1026
Invok: Sacrifice Essence |       |     1 |       |       |     1 ||     2
       Sacrifice Love    |       |       |     1 |       |       ||     1
       Power Leap        |       |       |       |     1 |       ||     1
       Sacrifice Health  |       |       |       |     1 |       ||     1
       Apocalypse        |       |       |       |     1 |     1 ||     2
       Sacrifice Nimblen |       |       |       |     1 |       ||     1
  Use: Potion            |       |     2 |     7 |     4 |     1 ||    14
       Scroll            |       |     2 |    11 |     8 |     5 ||    26
 Stab: Distracted        |       |       |     1 |     3 |     2 ||     6
       Paralysed         |       |       |       |     2 |       ||     2
       Invisible         |       |       |       |       |     3 ||     3
  Eat: Chunk             |     2 |     6 |    17 |    12 |     7 ||    44
Armor: Scale mail        |   128 |   124 |    11 |       |       ||   263
       Plate armour      |       |       |   457 |   439 |   299 ||  1195
Dodge: Dodged            |    87 |    76 |   139 |   133 |   108 ||   543
Block: Shield            |   126 |   116 |   611 |   633 |   298 ||  1784
